 Dungeon Crawl Stone Soup version 0.31-a0-152-g6aa68a64a1 (webtiles) character file.

Game seed: 7022891268360038152

175 qw the Shooter (level 5, -3/32 HPs)
             Began as a Gargoyle Hunter on June 10, 2023.
             Killed from afar by Dowan (8 damage)
             ... with a puff of flame
             ... on level 4 of the Dungeon.
             The game lasted 00:00:50 (2254 turns).

qw the Shooter (Gargoyle Hunter)                    Turns: 2254, Time: 00:00:51

Health: -3/32      AC:  9    Str: 15    XL:     5   Next: 55%
Magic:  5/5        EV: 11    Int:  9    God:
Gold:   102        SH:  0    Dex: 15    Spells: 4/4 levels left

rFire   . . .        Y - +1 shortbow (drain)
rCold   . . .        (shield currently unavailable)
rNeg    + . .        i - +0 ring mail
rPois   inf          (no helmet)
rElec   +            (no cloak)
rCorr   .            (no gloves)
SInv    .            (no boots)
Will    .....        (no amulet)
Stlth   +            (no ring)
HPRegen 0.25/turn    (no ring)
MPRegen 0.09/turn

%: no passive effects
@: no status effects
A: sickness immunity, AC +4, negative energy resistance 1, electricity
resistance, torment resistance 1, petrification resistance
a: no special abilities


You were on level 4 of the Dungeon.
You visited 1 branch of the dungeon, and saw 4 of its levels.

You collected 102 gold pieces.


Innate Abilities, Weirdness & Mutations

You are immune to sickness and miasma.
Your stone body is resilient. (AC +4)
You are immune to poison.
You resist negative energy. (rN+)
You are resistant to electric shocks. (rElec)
You are resistant to unholy torment.
You are immune to petrification.


   Skills:
 + Level 3.1 Fighting
 - Level 6.1 Ranged Weapons
 - Level 1.0 Armour
 - Level 1.5 Dodging
 - Level 1.1 Stealth


You had 4 spell levels left.
You didn't know any spells.
Your spell library was empty.

Inventory:

Hand Weapons
 Y - a +1 shortbow of draining (weapon)
Armour
 i - a +0 ring mail (worn)
Scrolls
 a - a scroll of identify
 h - 2 scrolls of magic mapping {unknown}
 l - a scroll of teleportation {unknown}
Potions
 c - a potion of enlightenment {unknown}
 d - a potion of curing {unknown}
 e - a potion of lignification {unknown}
 f - a potion of resistance {unknown}
 g - a potion of berserk rage {unknown}
 j - a potion of cancellation {unknown}
 k - a potion of degeneration {unknown}

Dungeon Overview and Level Annotations

Branches:
Dungeon (4/15)
 Temple: D:4-7

Altars:
Trog

Annotations:
D:4 Dowan, Duvessa


Message History

Dowan points at Duvessa and mumbles some strange words.
Duvessa seems to speed up.
2243 ||| Stepping ~*~*~tactically~*~*~ (outnumbered).
You shoot an arrow. The arrow hits Duvessa!
You drain Duvessa.
Duvessa is moderately wounded.
Duvessa drinks a potion.
Duvessa flickers and vanishes!
Deactivating autopickup; reactivate with Ctrl-A.
You shoot an arrow. Something hits you.
Dowan says, "Magic and the sword, together, will defeat you."
You shoot an arrow. The arrow closely misses Dowan.
Something hits you. Something hits you!
You shoot an arrow. The arrow completely misses Dowan.
Dowan hits you with a +0 dagger. Something hits you.
You shoot an arrow. The arrow hits Dowan.
You drain Dowan.
Dowan is heavily wounded.
Something hits you. Dowan barely misses you. Something barely misses you.
Dowan hits you but does no damage.
2249 ||| DRINKING potion of heal wounds.
You feel much better. Something hits you but does no damage.
Dowan closely misses you. Something hits you.
You shoot an arrow. The arrow closely misses Dowan.
Something hits you! Dowan hits you but does no damage.
You shoot an arrow. The arrow hits Dowan.
Dowan is heavily wounded.
Something hits you! Something hits you but does no damage.
Dowan closely misses you.
You shoot an arrow. The arrow hits Dowan.
Dowan is severely wounded.
Something hits you. Dowan closely misses you.
Something hits you but does no damage.
You shoot an arrow. The arrow hits Dowan.
Dowan is almost dead.
Something hits you. Dowan hits you but does no damage. Something hits you!
You shoot an arrow. The arrow closely misses Dowan.
Something hits you but does no damage.
Dowan points at you and mumbles some strange words.
The puff of flame hits you!
You die...

..............# ..# #.
.....#.######.# ####### #.# #.
######.# #.####.....####.# ##.
# ##.## ##.##..........#.###.<
#
##...####...#.#######.........
#
#.....##...>..#.$..}#.##.###.[
# #.............'....8#.##.#
#.# # #.....##.....e# #.##.#
#.# # ##...#......{@# #.##.#
#.# # #####.#####..# #.##.#
#.. # #.# ##.# #.##.##### #
#.# #.#######......# # #.#
#.........##.... #.#
######.#.#.### #.# ##### #.#
#..........# #.# ....# #.#
#.####.#.### ####.## ###.# #.#
#.# #.#.# ##.....##


You could see Dowan (very drained).

Vanquished Creatures
  A scorpion (D:4)
  6 adders
  A dart slug (D:1)
  6 orcs (D:3)
  5 ball pythons
  6 bats
  5 endoplasms
  3 goblins
  6 hobgoblins
  8 kobolds
  A quokka (D:1)
  A frilled lizard (D:3)
  2 rats
51 creatures vanquished.

Notes
Turn   | Place    | Note
-------+----------+-------------------------------------------
     0 | D:1      | qw the Gargoyle Hunter began the quest for the Orb.
     0 | D:1      | Reached XP level 1. HP: 12/12 MP: 1/1
     0 | D:1      | 0 ||| qw: Version: 0.2-a-123-gb51047a
     0 | D:1      | 0 ||| qw: Game counter: 3741
     0 | D:1      | 0 ||| qw: Always use a shield: true
     0 | D:1      | 0 ||| qw: God list: Okawaru
     0 | D:1      | 0 ||| qw: Allow faded altars: false
     0 | D:1      | 0 ||| qw: Do Orc after D:15 true
     0 | D:1      | 0 ||| qw: Do second Lair branch before Depths: true
     0 | D:1      | 0 ||| qw: Lair rune preference: random
     0 | D:1      | 0 ||| qw: Plans: Normal, Zot:1-4, Slime:5, God:TSO, Crypt,
                  | Tomb, Abyss, Pan, Hells, Win
     0 | D:1      | 0 ||| PLANNING D:1-11
   187 | D:1      | Reached XP level 2. HP: 16/17 MP: 2/2
   498 | D:1      | 498 ||| DROPPING scroll of butterflies.
   619 | D:2      | Reached skill level 5 in Ranged Weapons
   619 | D:2      | Reached XP level 3. HP: 21/21 MP: 3/3
   703 | D:2      | Reached skill level 3 in Fighting
   795 | D:2      | Reached XP level 4. HP: 16/28 MP: 4/4
  1211 | D:2      | 1211 ||| UPGRADING to +0 ring mail.
  1221 | D:2      | 1221 ||| DROPPING +0 leather armour.
  1222 | D:2      | 1222 ||| READING 2 scrolls labelled FONEME NOYNK.
  1223 | D:2      | 1223 ||| READING scroll labelled ZYTIUHI MUZANA.
  1335 | D:3      | Reached skill level 1 in Armour
  1674 | D:3      | 1674 ||| READING scroll labelled FATUR SESUORGH.
  1675 | D:3      | 1675 ||| READING scroll labelled YCSOANKURPHI.
  1676 | D:3      | 1676 ||| READING scroll labelled BAJOCELLIDGHEE.
  1677 | D:3      | 1677 ||| READING scroll labelled XOPOVVE UTRU.
  1678 | D:3      | 1678 ||| READING scroll labelled EKOEZ LANA.
  1679 | D:3      | 1679 ||| READING 2 scrolls of identify.
  1679 | D:3      | 1679 ||| IDENTIFYING grey potion
  1806 | D:4      | Found a bloodstained altar of Trog.
  1959 | D:4      | Noticed a scorpion
  2009 | D:4      | Killed a scorpion
  2010 | D:4      | Reached skill level 6 in Ranged Weapons
  2010 | D:4      | Reached XP level 5. HP: 25/32 MP: 5/5
  2241 | D:4      | Noticed Duvessa
  2242 | D:4      | Noticed Dowan
  2243 | D:4      | 2243 ||| Stepping ~*~*~tactically~*~*~ (outnumbered).
  2248 | D:4      | HP: 7/32 [something (6)]
  2249 | D:4      | 2249 ||| DRINKING potion of heal wounds.
  2253 | D:4      | HP: 5/32 [something (7)]
  2254 | D:4      | Killed from afar by Dowan

Levels and vault maps discovered:
D:1:      dpeg_arrival_rooms_a, layout_loops_ring, minmay_statues_item
D:2:      layout_loops_ring
D:3:      layout_basic, ebering_dispersal_statue_hall, serial_bayou_pond_d
D:4:      dreamdust_elfheim, layout_loops_ring, lemuel_tele_altar,
          kennysheep_boxes

Skill      XL: |  1  2  3  4 |
---------------+-------------+-----
Ranged Weapons | 5 6 |  6.1
Fighting       | 3 |  3.1
Armour         | 1 |  1.0
Dodging        | |  1.5
Stealth        | |  1.1

Action                     |  1- 3 |  4- 6 || total
---------------------------+-------+-------++-------
   Fire: Shortbow          |    83 |   101 ||   184
    Use: Scroll            |       |     8 ||     8
         Potion            |       |     1 ||     1
 Armour: Leather armour    |    22 |     1 ||    23
         Ring mail         |       |    33 ||    33
  Dodge: Dodged            |    23 |    45 ||    68

Table legend:
 A = Non-vault XP
 B = Vault XP
 C = Vault XP percentage of total XP
 D = Non-vault monster count
 E = Vault monster count
 F = Vault count percentage of total count
                 A         B        C        D         E       F
            +---------+---------+-------+---------+---------+-------
      Total |     250 |       0 |   0.0 |      51 |       0 |   0.0
            +---------+---------+-------+---------+---------+-------
        D:1 |      24 |       0 |   0.0 |      12 |       0 |   0.0
        D:2 |      87 |       0 |   0.0 |      19 |       0 |   0.0
        D:3 |      32 |       0 |   0.0 |      15 |       0 |   0.0
        D:4 |     107 |       0 |   0.0 |       5 |       0 |   0.0
            +---------+---------+-------+---------+---------+-------
